 Dungeon Crawl Stone Soup version 0.31-a0-702-gf82c85558f (webtiles) character file.

Game seed: 14542717305824003684

39 qw the Shooter (level 3, -2/22 HPs)
             Began as a Gargoyle Hunter on Sept 8, 2023.
             Slain by a goblin
             ... wielding a +0 dagger
             ... led by Robin
              (3 damage)
             ... on level 2 of the Dungeon.
             The game lasted 00:00:19 (849 turns).

qw the Shooter (Gargoyle Hunter)                     Turns: 849, Time: 00:00:20

Health: -2/22      AC:  6    Str: 14    XL:     3   Next: 47%
Magic:  3/3        EV: 11    Int:  9    God:
Gold:   63         SH:  0    Dex: 15    Spells: 2/2 levels left

rFire   . . .        a - +0 shortbow
rCold   . . .        (shield currently unavailable)
rNeg    + . .        c - +0 leather armour
rPois   inf          (no helmet)
rElec   +            (no cloak)
rCorr   .            (no gloves)
SInv    .            (no boots)
Will    .....        (no amulet)
Stlth   ++           (no ring)
HPRegen 0.23/turn    (no ring)
MPRegen 0.08/turn

%: no passive effects
@: no status effects
A: sickness immunity, AC +3, negative energy resistance 1, electricity
resistance, torment resistance 1, petrification resistance
a: no special abilities


You were on level 2 of the Dungeon.
You visited 1 branch of the dungeon, and saw 2 of its levels.

You collected 63 gold pieces.


Innate Abilities, Weirdness & Mutations

You are immune to sickness and miasma.
Your stone body is resilient. (AC +3)
You are immune to poison.
You resist negative energy. (rN+)
You are resistant to electric shocks. (rElec)
You are resistant to unholy torment.
You are immune to petrification.


   Skills:
 + Level 2.6 Fighting
 - Level 5.0 Ranged Weapons
 - Level 1.5 Dodging
 - Level 1.1 Stealth


You had 2 spell levels left.
You didn't know any spells.
Your spell library was empty.

Inventory:

Hand Weapons
 a - a +0 shortbow (weapon)
Armour
 c - a +0 leather armour (worn)
 m - a +0 ring mail
Jewellery
 f - a +4 ring of slaying {mikee}
Scrolls
 b - a scroll of butterflies
 d - a scroll of revelation {unknown}
 e - 2 scrolls of identify {unknown}
 h - 2 scrolls of immolation {unknown}
 i - a scroll of amnesia {unknown}
 j - a scroll of summoning {unknown}
Potions
 g - a potion of might {unknown}
 k - a potion of curing {unknown}
 l - a potion of lignification {unknown}

Dungeon Overview and Level Annotations

Branches:
Dungeon (1/15)

Altars:


Message History

You shoot an arrow.
The arrow hits Robin but does no damage.
Robin is moderately wounded.
Robin throws the goblin at you! The goblin completely misses you.
The goblin hits you but does no damage. Robin hits you but does no damage.
You shoot an arrow.
The arrow hits Robin but does no damage.
Robin is moderately wounded.
Robin hits you but does no damage. The goblin misses you.
The goblin hits you but does no damage.
Robin hits you with a +2 short sword of speed!
You shoot an arrow. The arrow hits Robin.
Robin is moderately wounded.
The goblin hits you with a +0 club. The goblin hits you but does no damage.
Robin hits you with a +2 short sword of speed.
You shoot an arrow. The arrow hits Robin.
Robin is severely wounded.
The goblin barely misses you. x2; The goblin hits you with a +0 club.
The goblin hits you but does no damage.
You shoot an arrow. The arrow closely misses Robin.
The arrow hits the goblin.
You kill the goblin!
The goblin no longer looks unusually strong.
Robin hits you with a +2 short sword of speed.
The goblin hits you but does no damage. The goblin hits you with a +0 club.
You shoot an arrow. The arrow hits Robin.
Robin is almost dead.
Robin hits you but does no damage.
The goblin hits you but does no damage. x2
Robin roars a battlecry!
The goblin goes into a battle-frenzy!
You shoot an arrow.
The arrow hits Robin but does no damage.
Robin is almost dead.
The goblin closely misses you. x2; Robin barely misses you.
You shoot an arrow. The arrow barely misses Robin.
Robin barely misses you. The goblin hits you but does no damage.
The goblin closely misses you.
You shoot an arrow. The arrow hits Robin!
You kill Robin!
The goblin hits you with a +0 club. The goblin hits you with a +0 dagger.
You die...

### .... .....
......########
....)))@g...>#
..)...##g#####
##### #.#
##########.#
........##.#
.............#
#...........####
#...........#
#...........#


You could see 2 goblins.

Vanquished Creatures
  Robin (D:2)
  An adder (D:2)
  A dart slug (D:1)
  A bat (D:1)
  2 endoplasms (D:1)
  2 hobgoblins
  A quokka (D:1)
  A ball python (D:1)
  5 frilled lizards
  9 goblins
  3 kobolds
  3 rats
30 creatures vanquished.

Notes
Turn   | Place    | Note
-------+----------+-------------------------------------------
     0 | D:1      | qw the Gargoyle Hunter began the quest for the Orb.
     0 | D:1      | Reached XP level 1. HP: 12/12 MP: 1/1
     0 | D:1      | 0 ||| qw: Version: 0.3-a-76-g4403597
     0 | D:1      | 0 ||| qw: Game counter: 1065
     0 | D:1      | 0 ||| qw: Melee chars always use a shield: true
     0 | D:1      | 0 ||| qw: God list: Okawaru
     0 | D:1      | 0 ||| qw: Allow faded altars: false
     0 | D:1      | 0 ||| qw: Do Orc after clearing Dungeon:15 true
     0 | D:1      | 0 ||| qw: Do second Lair branch before Depths: true
     0 | D:1      | 0 ||| qw: Lair rune preference: random
     0 | D:1      | 0 ||| qw: Goals: Normal
     0 | D:1      | 0 ||| PLANNING D:1-11
   343 | D:1      | Reached XP level 2. HP: 9/17 MP: 2/2
   709 | D:1      | You fall into a shaft and drop 1 floor!
   735 | D:2      | Reached skill level 5 in Ranged Weapons
   735 | D:2      | Reached XP level 3. HP: 17/21 MP: 3/3
   828 | D:2      | Noticed Robin
   845 | D:2      | HP: 2/22 [Robin/+2 short sword of speed (5)]
   849 | D:2      | Killed Robin
   849 | D:2      | Slain by a goblin

Levels and vault maps discovered:
D:1:      ebering_trefoil_twist, layout_basic, minmay_split_cup_large
D:2:      layout_basic, uniq_robin

Skill      XL: |  1  2 |
---------------+-------+-----
Ranged Weapons | 5 |  5.0
Fighting       | |  2.6
Dodging        | |  1.5
Stealth        | |  1.1

Action                     || total
---------------------------++-------
   Fire: Shortbow          ||    94
 Armour: Leather armour    ||    54
  Dodge: Dodged            ||    34

Table legend:
 A = Non-vault XP
 B = Vault XP
 C = Vault XP percentage of total XP
 D = Non-vault monster count
 E = Vault monster count
 F = Vault count percentage of total count
                 A         B        C        D         E       F
            +---------+---------+-------+---------+---------+-------
      Total |      37 |      35 |  48.6 |      17 |      13 |  43.3
            +---------+---------+-------+---------+---------+-------
        D:1 |      18 |       6 |  25.0 |      11 |       4 |  26.7
        D:2 |      19 |      29 |  60.4 |       6 |       9 |  60.0
            +---------+---------+-------+---------+---------+-------
